 Dungeon Crawl Stone Soup version 0.29.1-1-gd02db6906a (webtiles) character file.

Game seed: 449707082803544275

1719 NullDivider the Sneak (level 9, -1/51 HPs)
             Began as an Octopode Venom Mage on Sept 26, 2022.
             Slain by an orc
             ... wielding a +0 vorpal flail
              (3 damage)
             ... on level 6 of the Dungeon.
             The game lasted 01:05:08 (9947 turns).

NullDivider the Sneak (Octopode Venom Mage)         Turns: 9947, Time: 01:05:08

Health: -1/51      AC:  1    Str:  8    XL:     9   Next: 4%
Magic:  13/15      EV: 14    Int: 21    God:
Gold:   374        SH:  0    Dex: 12    Spells: 4/17 levels left

rFire   . . .      SeeInvis .   j - +1 dagger (venom)
rCold   . . .      Faith    .   (no shield)
rNeg    . . .      Spirit   .   (helmet restricted)
rPois   .          Reflect  .   c - amulet of the acrobat
rElec   .          Harm     .   (no ring)
rCorr   .          Rampage  .   (no ring)
Will    .....                   (no ring)
Stlth   ++++......              (no ring)
HPRegen 0.17/turn               (no ring)
MPRegen 0.14/turn               (no ring)
                                (no ring)
                                (no ring)

@: no status effects
A: almost no armour, amphibious, 8 rings, camouflage 1, gelatinous body 1,
(nimble swimmer 1), tentacles
a: no special abilities


You were on level 6 of the Dungeon.
You visited 2 branches of the dungeon, and saw 7 of its levels.

You collected 384 gold pieces.
You spent 10 gold pieces at shops.

Inventory:

Hand Weapons
 d - a +3 dagger
 j - a +1 dagger of venom (weapon)
Jewellery
 c - an amulet of the acrobat (around mantle)
 g - an amulet of reflection
Wands
 r - a wand of polymorph (9)
Scrolls
 e - a scroll of blinking
 f - 2 scrolls of amnesia
 k - 3 scrolls of fear
 n - a scroll of enchant armour
 o - a scroll of teleportation
 p - 2 scrolls of vulnerability
 q - a scroll of enchant weapon {unknown}
 u - a scroll of poison {unknown}
Potions
 a - 2 potions of magic
 b - a potion of ambrosia
 h - a potion of might {unknown}
 i - a potion of brilliance {unknown}
 l - a potion of lignification {unknown}
 m - 3 potions of haste
 s - a potion of curing
 t - a potion of cancellation {unknown}


   Skills:
 + Level 2.8 Short Blades
 * Level 5.3 Dodging
 * Level 7.6 Stealth
 + Level 4.6 Spellcasting
 + Level 2.8 Conjurations
 - Level 1.2 Transmutations
 - Level 1.0 Air Magic
 + Level 2.0 Earth Magic
 * Level 7.0 Poison Magic


You had 4 spell levels left.
You knew the following spells:

 Your Spells              Type           Power      Damage    Failure   Level
a - Sting                 Tmut/Pois      88%        1d7       1%          1
b - Poisonous Vapours     Pois/Air       42%        N/A       3%          2
c - Mephitic Cloud        Conj/Pois/Air  20%        N/A       8%          3
d - Stone Arrow           Conj/Erth      30%        3d8       12%         3
e - Olgreb's Toxic Radia  Pois           34%        N/A       6%          4

Your spell library contained the following spells:

 Spells                   Type           Power      Damage    Failure   Level
 Sandblast                Erth           26%        2d8       4%          1
 Passwall                 Tmut/Erth      9%         N/A       9%          2
 Scorch                   Fire           8%         2d5       17%         2
 Frozen Ramparts          Ice            8%         1d2       34%         3
 Portal Projectile        Hex/Tloc       8%         N/A       34%         3
 Tukima's Dance           Hex            4%         N/A       34%         3
 Flame Wave               Conj/Fire      10%        2d6       52%         4
 Ice Form                 Ice/Tmut       7%         N/A       65%         4
 Summon Ice Beast         Ice/Summ       4%         N/A       75%         4
 Blade Hands              Tmut           5%         N/A       88%         5
 Summon Cactus Giant      Summ           2%         N/A       100%        6


Dungeon Overview and Level Annotations

Branches:
Dungeon (6/15)             Temple (1/1) D:4

Altars:
Ashenzari
Cheibriados
Dithmenos
Elyvilon
Gozag
Hepliaklqana
Kikubaaqudgha
Makhleb
Nemelex Xobeh
Ru
Trog
Uskayaw
Vehumet
Wu Jian
Yredelemnul
Zin
The Shining One

Shops:
D:2 !   D:5 [

Annotations:
D:5 3 runed translucent doors, Acheron's ghost, amateur TrCj; Servana's ghost, novice DrIE; catfood's ghost, novice HOFi


Innate Abilities, Weirdness & Mutations

You cannot wear most types of armour.
You are amphibious.
You can wear up to eight rings at the same time.
Your skin changes colour to match your surroundings (Stealth+).
Your rubbery body absorbs attacks. (AC +1, EV +1)
((You are camouflaged when in or above water. (Stealth+)))
You have tentacles for arms and can constrict up to eight enemies at once.


Message History

An orc comes into view. It is wielding a +0 club.
The orc priest calls down the wrath of Beogh upon you.
Pain shoots through your body!
* * * LOW HITPOINT WARNING * * *
You see here a water moccasin corpse.
You hit the orc priest but do no damage.
The orc priest looks even sicker.
Your grab misses the orc priest.
The orc priest is lightly wounded.
The orc priest hits you with a +0 hand axe.
* * * LOW HITPOINT WARNING * * *
You hit the orc priest but do no damage.
You grab the orc priest.
The orc priest is moderately wounded.
You constrict the orc priest.
The orc priest hits you with a +0 hand axe.
* * * LOW HITPOINT WARNING * * *
You are too injured to fight recklessly!
You feel better.
You constrict the orc priest, but do no damage.
The orc priest misses you.
You hit the orc priest but do no damage.
The orc priest looks as sick as possible!
The orc priest is heavily wounded.
You constrict the orc priest. The orc priest completely misses you.
You barely miss the orc priest.
The orc priest is almost dead.
You constrict the orc priest, but do no damage.
You kill the orc priest!
You are too injured to fight recklessly!
You are too injured to fight recklessly!
Casting: Poisonous Vapours (safe; 3% risk of failure)
Confirm with . or Enter, or press ? or * to list all spells.
Aiming: Sting (safe; 1% risk of failure)
Press: ? - help, Shift-Dir - straight line, f - orc
Aim: an orc, wielding a +0 vorpal flail and wearing a +0 leather armour (76% to hit)
The sting hits the orc.
The orc is poisoned.
The orc is heavily wounded.
The orc hits you with a +0 vorpal flail!
* * * LOW HITPOINT WARNING * * *
You die...

#.....#.#
#####...# .#
#..## .#
#.######..# .##
#.........# ..##
#########.###
...# #...# ..#
###.#####.######
#.....@.......
#######o######
.# o# .# .# .#
..


You could see 2 orcs.

Vanquished Creatures
  Sigmund (D:2)
  A water moccasin (D:6)
  3 black bears (D:5)
  An ice beast (D:5)
  An ogre (D:5)
  3 phantoms
  A necrophage (D:5)
  A scorpion (D:4)
  A gnoll bouda (D:4)
  2 hounds
  A jelly (D:5)
  Crazy Yiuf (D:2)
  An orc priest (D:6)
  7 iguanas
  An orc wizard (D:4)
  Robin (D:2)
  8 gnolls
  8 adders
  A shadow imp (D:5)
  3 ufetubi (D:4)
  A worm (D:5)
  2 dart slugs
  An orc (D:5)
  5 bats
  6 endoplasms
  2 giant cockroaches
  14 goblins
  11 hobgoblins
  10 jackals
  3 quokkas
  3 ball pythons
  4 frilled lizards
  7 kobolds
  7 rats
123 creatures vanquished.

Vanquished Creatures (others)
  4 withered plants (D:5)
4 creatures vanquished.

Grand Total: 127 creatures vanquished

Notes
Turn   | Place    | Note
-------+----------+-------------------------------------------
     0 | D:1      | NullDivider the Octopode Venom Mage began the quest for the
                  | Orb.
     0 | D:1      | Reached XP level 1. HP: 11/11 MP: 3/3
   327 | D:1      | Reached XP level 2. HP: 17/17 MP: 0/5
   402 | D:1      | Learned a level 2 spell: Poisonous Vapours
   463 | D:1      | Found a faded altar of an unknown god.
   992 | D:1      | Reached XP level 3. HP: 20/21 MP: 2/6
  1377 | D:2      | Learned a level 3 spell: Mephitic Cloud
  1694 | D:2      | Noticed Robin
  1893 | D:2      | Found Jovaj's Distillery.
  2063 | D:2      | Bought a potion of degeneration for 10 gold pieces
  2208 | D:2      | Noticed Sigmund
  2543 | D:2      | Killed Robin
  2544 | D:2      | Reached XP level 4. HP: 12/27 MP: 1/7
  2963 | D:2      | Found a runed translucent door.
  2964 | D:2      | Noticed Crazy Yiuf
  3485 | D:3      | Reached skill level 1 in Air Magic
  3485 | D:3      | Reached XP level 5. HP: 28/31 MP: 5/9
  4466 | D:4      | Reached skill level 1 in Conjurations
  4488 | D:4      | Reached XP level 6. HP: 25/36 MP: 2/10
  5073 | D:4      | Reached skill level 5 in Poison Magic
  5407 | D:4      | Reached skill level 1 in Short Blades
  5583 | D:4      | Found a staircase to the Ecumenical Temple.
  5599 | D:4      | Found a shadowy altar of Dithmenos.
  5619 | D:4      | Reached skill level 5 in Stealth
  5685 | D:4      | Reached XP level 7. HP: 29/41 MP: 1/12
  6345 | D:2      | Killed Crazy Yiuf
  6543 | D:2      | Killed Sigmund
  6691 | Temple   | Entered the Ecumenical Temple
  6890 | D:5      | Entered Level 5 of the Dungeon
  7106 | D:5      | Learned a level 3 spell: Stone Arrow
  7346 | D:5      | Reached XP level 8. HP: 12/46 MP: 5/14
  7739 | D:5      | Reached skill level 1 in Earth Magic
  8145 | D:5      | Found a runed translucent gate.
  8148 | D:5      | Found a runed translucent gate.
  8149 | D:5      | Found a runed translucent gate.
  8152 | D:5      | Noticed Servana's ghost (novice DrIE)
  8152 | D:5      | Noticed catfood's ghost (novice HOFi)
  8152 | D:5      | Noticed Acheron's ghost (amateur TrCj)
  8268 | D:5      | Found Ufi Miwo's Antique Armour Shop.
  8504 | D:5      | Found an ornate altar of the Wu Jian Council.
  8946 | D:5      | Reached skill level 5 in Dodging
  9742 | D:6      | Learned a level 4 spell: Olgreb's Toxic Radiance
  9783 | D:6      | Reached XP level 9. HP: 32/51 MP: 13/15
  9947 | D:6      | HP: 2/51 [orc/+0 vorpal flail (10)]
  9947 | D:6      | Slain by an orc

Illustrated notes

Levels and vault maps discovered:
D:1:      minmay_arrival_three_doors, layout_loops_corners,
          hellmonk_ecumenical_altar_arch_garden
D:2:      layout_loops_ring, serial_shops, shop, dk_vineyard_3, chequers_garden,
          nrook_mini_backslash, minmay_tromino_v4_b, uniq_robin, uniq_sigmund,
          uniq_crazy_yiuf_cottage
D:3:      layout_rooms, reono_crystal_passage
D:4:      layout_loops_corners, nicolae_dithmenos_the_darkroom,
          minmay_temple_entry_antechambers, minmay_fractal_squares_diagonal_5
D:5:      layout_loops_cross, pdpol_wu_jian_five_deadly_venoms, serial_shops,
          nicolae_shop_temple_entry_statues_fountains, gammafunk_ghost_cemetery,
          kennysheep_opposing_triangles
D:6:      layout_loops_corners, lemuel_crystal_altar,
          amethyst_overflow_temple_binary, uniq_maggie
Temple:   nicolae_temple_bog_church

Skill      XL: |  1  2  3  4  5  6  7  8 |
---------------+-------------------------+-----
Stealth        | 3 4 5 6 7 |  7.6
Poison Magic   | 4 5 7 |  7.0
Dodging        | 3 4 5 |  5.3
Air Magic      | 1 |  1.0
Spellcasting   | 3 4 |  4.6
Conjurations   | 1 2 |  2.8
Short Blades   | 1 2 |  2.8
Earth Magic    | 2 |  2.0
Transmutations | |  1.2

Action                   |  1- 3 |  4- 6 |  7- 9 || total
-------------------------+-------+-------+-------++-------
Melee: Unarmed           |     2 |       |       ||     2
       Constrict         |     6 |    21 |    16 ||    43
       Dagger            |    21 |    86 |   101 ||   208
       Tentacles         |     3 |    17 |    24 ||    44
       Punch             |       |     4 |     1 ||     5
 Cast: Sting             |    65 |    45 |    38 ||   148
       Poisonous Vapours |     4 |    37 |    25 ||    66
       Mephitic Cloud    |       |       |     1 ||     1
Evoke: Wand              |       |       |     1 ||     1
  Use: Scroll            |       |     5 |     6 ||    11
       Potion            |       |     1 |     4 ||     5
 Stab: Sleeping          |       |       |     8 ||     8
Armor: Skin              |     2 |     3 |     7 ||    12
Dodge: Dodged            |    25 |    52 |    71 ||   148
